 Dungeon Crawl Stone Soup version 0.29-a0-284-gf9362112df (webtiles) character file.

Game seed: 16162227831619720927

126 cheechan the Insei (level 5, -3/25 HPs)
             Began as a Vine Stalker Transmuter on Mar 16, 2022.
             Slain by Pikel
             ... wielding a +2 whip of freezing
              (4 damage)
             ... on level 4 of the Dungeon.
             The game lasted 00:10:36 (2952 turns).

cheechan the Insei (Vine Stalker Transmuter)        Turns: 2952, Time: 00:10:36

Health: -3/25      AC:  4    Str: 12    XL:     5   Next: 9%
Magic:  0/10       EV: 12    Int: 13    God:
Gold:   67         SH:  0    Dex: 15    Spells: 5/9 levels left

rFire   . . .      SeeInvis .     - Unarmed
rCold   + . .      Faith    .   (no shield)
rNeg    . . .      Spirit   +   a - +0 robe
rPois   .          Reflect  .   (helmet currently unavailable)
rElec   .          Harm     .   (no cloak)
rCorr   .          Rampage  .   (no gloves)
Will    .....                   (boots currently unavailable)
Stlth   ++........              (no amulet)
HPRegen 0.88/turn               (no ring)
MPRegen 0.12/turn               (no ring)

@: appendages
A: horns 2, talons 2, fangs 2, regeneration 1, magic shield, antimagic bite, no
potion heal 2, iridescent scales 1, clumsy 1, cold resistance 1
a: End Transformation


You were on level 4 of the Dungeon.
You had temporarily grown beastly horns and talons.
You visited 1 branch of the dungeon, and saw 4 of its levels.

You collected 177 gold pieces.
You spent 110 gold pieces at shops.

Inventory:

Missiles
 f - 97 stones
 i - a poisoned dart (quivered)
Armour
 a - a +0 robe (worn)
Scrolls
 e - 2 scrolls of identify
 g - a scroll of enchant weapon
 k - a scroll of amnesia {unknown}
Potions
 b - a potion of brilliance
 c - 3 potions of curing
 h - a potion of resistance
 j - a potion of lignification


   Skills:
 + Level 1.0 Fighting
 + Level 2.2 Dodging
 + Level 1.6 Stealth
 + Level 4.3 Unarmed Combat
 + Level 2.9 Spellcasting
 + Level 2.4 Transmutations


You had 5 spell levels left.
You knew the following spells:

 Your Spells              Type           Power      Damage    Failure   Level
a - Beastly Appendage     Tmut           16%        N/A       9%          1
b - Spider Form           Tmut/Pois      5%         N/A       38%         3

Your spell library contained the following spells:

 Spells                   Type           Power      Damage    Failure   Level
 Wereblood                Tmut           8%         N/A       13%         2
 Ice Form                 Ice/Tmut       5%         N/A       80%         4


Dungeon Overview and Level Annotations

Branches:
Dungeon (4/15)
 Temple: D:4-7

Altars:
Dithmenos

Shops:
D:2 !

Annotations:
D:4 Pikel


Innate Abilities, Weirdness & Mutations

You have temporarily grown beastly horns and talons.
You have extremely sharp teeth.
Your natural rate of healing is unusually fast.
When hurt, damage is shared between your health and your magic reserves.
Your bite disrupts and absorbs the magic of your enemies.
Potions cannot restore your health.
You are partially covered in iridescent scales. (AC +2)
You are clumsy. (Dex -2)
Your flesh is cold resistant. (rC+)


Message History

Something tries to affect you, but you resist.
The now-empty wand crumbles to dust.
Throw: 5 darts (poison)
Press: ? - help, Q - select action, (/) - cycle Shift-Dir - straight line You throw a poisoned dart.
Unknown command.
Throw: 4 darts (poison)
Press: ? - help, Q - select action, (/) - cycle Shift-Dir - straight line You throw a poisoned dart.
Unknown command.
Throw: 3 darts (poison)
Press: ? - help, Q - select action, (/) - cycle Shift-Dir - straight line You throw a poisoned dart.
An endoplasm comes into view.
A ball python comes into view.
The endoplasm quivers.
Throw: 2 darts (poison)
Press: ? - help, Q - select action, (/) - cycle Shift-Dir - straight line, f - Pikel
Aim: Pikel, wielding a +2 whip of freezing and wearing a +0 robe (lightly wounded, poisoned, 50% to hit)
You throw a poisoned dart. The poisoned dart barely misses Pikel.
The ball python hisses angrily.
Casting: Beastly Appendage (safe; 9% risk of failure)
Confirm with . or Enter, or press ? or * to list all spells.
You grow a pair of large bovine horns.
Your feet morph into talons.
Pikel drinks a potion.
Pikel flickers and vanishes!
Something hits you! Something freezes you.
You closely miss something. Your bite misses something. Something hits you!
Something freezes you.
You barely miss something. Your bite misses something. Something hits you!
* * * LOW HITPOINT WARNING * * *
Something freezes you.
* * * LOW HITPOINT WARNING * * *
You hit something. Your headbutt misses something. Your bite misses something.
The endoplasm barely misses you. Something hits you.
* * * LOW HITPOINT WARNING * * *
You completely miss something. Your kick misses something.
The ball python bites you.
* * * LOW HITPOINT WARNING * * *
The ball python misses you. The endoplasm misses you. Something hits you.
You die...

##########+##
#####...(.....(.# ..
.........(......##+###..
........................
........................
......................#
######+#########{J....#
#@.....# #S.....# .#
#......# ##..# #......#
.(.(# #......+ ....#
#......# ##..# #......#
. #......# .# #......#


You could see an endoplasm and a ball python.

Vanquished Creatures
  4 lemures (D:4)
  Terence (D:2)
  4 adders (D:2)
  5 worms
  2 dart slugs
  2 orcs (D:3)
  A ball python (D:1)
  3 endoplasms (D:1)
  3 goblins
  6 hobgoblins
  7 kobolds
  A quokka (D:2)
  3 bats (D:1)
  2 frilled lizards
  4 rats
48 creatures vanquished.

Vanquished Creatures (collateral kills)
  A ball python (D:3)
1 creature vanquished.

Grand Total: 49 creatures vanquished

Notes
Turn   | Place    | Note
-------+----------+-------------------------------------------
     0 | D:1      | cheechan the Vine Stalker Transmuter began the quest for
                  | the Orb.
     0 | D:1      | Reached XP level 1. HP: 9/9 MP: 4/4
   127 | D:1      | Reached XP level 2. HP: 9/14 MP: 6/6
   466 | D:1      | Found a faded altar of an unknown god.
   996 | D:2      | HP: 1/21 [poisoned by an adder]
   997 | D:2      | Reached XP level 3. HP: 2/17 MP: 0/7
  1000 | D:2      | Reached skill level 1 in Stealth
  1361 | D:2      | Learned a level 3 spell: Spider Form
  1410 | D:2      | Noticed Terence
  1422 | D:2      | Killed Terence
  1423 | D:2      | Gained mutation: Your natural rate of healing is unusually
                  | fast. [Vine Stalker growth]
  1423 | D:2      | Reached XP level 4. HP: 4/21 MP: 2/8
  1539 | D:2      | Reached skill level 4 in Unarmed Combat
  1616 | D:2      | Reached skill level 1 in Fighting
  1740 | D:2      | Found Donelomn's Distillery.
  1842 | D:2      | Bought a potion of lignification for 30 gold pieces
  1842 | D:2      | Bought a potion of mutation for 80 gold pieces
  1842 | D:2      | Gained mutation: You are clumsy. (Dex -2) [potion of
                  | mutation]
  1842 | D:2      | Gained mutation: You are partially covered in iridescent
                  | scales. (AC +2) [potion of mutation]
  1842 | D:2      | Gained mutation: Your flesh is cold resistant. (rC+)
                  | [potion of mutation]
  2320 | D:3      | Reached XP level 5. HP: 24/25 MP: 10/10
  2624 | D:3      | Found a shadowy altar of Dithmenos.
  2889 | D:4      | Noticed a lemure
  2892 | D:4      | Noticed a lemure
  2892 | D:4      | Noticed Pikel
  2893 | D:4      | Noticed a lemure
  2896 | D:4      | Noticed a lemure
  2900 | D:4      | Killed a lemure
  2900 | D:4      | Killed a lemure
  2900 | D:4      | Killed a lemure
  2902 | D:4      | Killed a lemure
  2952 | D:4      | HP: 1/25 [ball python (3)]
  2952 | D:4      | Slain by Pikel

Illustrated notes

Levels and vault maps discovered:
D:1:      spicycebolla_arrival_teleporter_tutorial, layout_loops_ring,
          shapermc_ecumenical_altar_mp_highgroup, hangedman_decor_push,
          st_stairs_9
D:2:      layout_loops_ring, serial_shops, nicolae_shop_waterfront,
          minmay_misc_feat_hallway, chequers_avenue, uniq_crazy_yiuf_cottage,
          uniq_terence
D:3:      layout_basic, nicolae_dithmenos_shadow_blocks, serial_bayou_crossing
D:4:      layout_gridville, makhleb_altar_promises_db,
          minmay_temple_entry_glassed_door, serial_shops, nicolae_stop_n_shop_2,
          gup_sewer_entry_glass, uniq_pikel, uniq_sigmund

Skill      XL: |  1  2  3  4 |
---------------+-------------+-----
Dodging        | 2 |  2.2
Stealth        | 1 |  1.6
Unarmed Combat | 4 |  4.3
Fighting       | 1 |  1.0
Spellcasting   | |  2.9
Transmutations | |  2.4

Action                   |  1- 3 |  4- 6 || total
-------------------------+-------+-------++-------
Melee: Unarmed           |    62 |    65 ||   127
       Kick              |    13 |    14 ||    27
       Bite              |     9 |    14 ||    23
       Headbutt          |     5 |    10 ||    15
       Punch             |     1 |     2 ||     3
Throw: Dart              |       |     8 ||     8
 Cast: Beastly Appendage |    11 |    19 ||    30
  Use: Potion            |     2 |     1 ||     3
       Scroll            |       |     9 ||     9
 Stab: Sleeping          |     1 |     4 ||     5
Armor: Robe              |    12 |     6 ||    18
       Skin              |    13 |       ||    13
Dodge: Dodged            |    36 |    28 ||    64

Table legend: (Time is in decaauts)
 A = Elapsed time spent in this place.
 B = Non-inter-level travel time spent in this place.
 C = Inter-level travel time spent in this place.
 D = Time resting spent in this place.
 E = Time spent auto-exploring this place.
 F = Levels seen in this place.
 G = Mean time per level.
                   A        B        C        D        E       F      G
               +--------+--------+--------+--------+--------+-----+--------+
         Total |   2944 |   2944 |      0 |    304 |      0 |   4 |  736.0 |
       Dungeon |   2944 |   2944 |      0 |    304 |      0 |   4 |  736.0 |
               +--------+--------+--------+--------+--------+-----+--------+

Top non-repeatable levels by time:
     D:2: 1087 daAuts
     D:3: 920 daAuts
     D:1: 861 daAuts
     D:4: 75 daAuts
